 Dungeon Crawl Stone Soup version 0.18.1-1-g2f07953 (webtiles) character file.

5016 kspaans the Conjurer (level 10, 0/69 HPs)
             Began as a Green Draconian Conjurer on May 17, 2016.
             Was a Believer of Sif Muna.
             Succumbed to a killer bee's poison
             ... on level 8 of the Dungeon.
             The game lasted 01:45:58 (15491 turns).

kspaans the Conjurer (Green Draconian Conjurer)    Turns: 15491, Time: 01:45:58

Health: 0/69       AC: 12    Str: 12    XL:     10   Next: 30%
Magic:  19/19      EV: 15    Int: 18    God:    Sif Muna [**....]
Gold:   154        SH:  0    Dex: 17    Spells: 5 memorised, 10 levels left

rFire  . . .     SeeInvis .     d - +0 shortbow
rCold  . . .     Gourm    .     (armour unavailable)
rNeg   . . .     Faith    .     (shield currently unavailable)
rPois  +         Spirit   .     (helmet restricted)
rElec  .         Dismiss  .     I - +1 cloak
rCorr  .         Reflect  .     u - +1 pair of gloves
SustAt +         Harm     .     b - +0 pair of boots
MR     .....                    i - amulet "Cizaasis" {RegenMP +Inv Int-3 Dex+4 Stlth+}
Stlth  ++++......               w - +5 ring of intelligence
                                j - ring of sustain attributes

@: lethally poisoned (0 -> -3), short of breath, very slightly contaminated, not
resistant to hostile enchantments, stealthy
A: breathe noxious fumes, unfitting armour, poison resistance, cold-blooded, AC
+7
a: Breathe Noxious Fumes, Channel Energy, Renounce Religion, Evoke Invisibility


You were on level 8 of the Dungeon.
You worshipped Sif Muna.
Sif Muna was pleased with you.
You were not hungry.

You visited 2 branches of the dungeon, and saw 10 of its levels.

You collected 414 gold pieces.
You spent 260 gold pieces at shops.

Inventory:

Hand Weapons
 d - a +0 shortbow (weapon)
 s - a +0 hunting sling
 R - a +2 dagger of holy wrath
Missiles
 e - 17 sling bullets
 k - 84 arrows (quivered)
 n - 78 stones
 y - 19 bolts
Armour
 b - a +0 pair of boots (worn)
 u - a +1 pair of gloves (worn)
 I - a +1 cloak (worn)
Jewellery
 i - the amulet "Cizaasis" (around neck) {RegenMP +Inv Int-3 Dex+4 Stlth+}
   (You found it on level 6 of the Dungeon)

   [amulet of magic regeneration]

   It increases your magic regeneration.
   It affects your intelligence (-3).
   It affects your dexterity (+4).
   It lets you turn invisible.
   It makes you more stealthy.
 j - a ring of sustain attributes (left hand)
 l - an uncursed ring of protection from cold
 o - a +3 amulet of reflection
 w - a +5 ring of intelligence (right hand)
Wands
 x - a wand of polymorph (15/24)
Scrolls
 c - 5 scrolls of identify
 h - 3 scrolls of recharging
 v - 5 scrolls of remove curse
 z - a scroll of teleportation
 Q - a scroll of amnesia
Potions
 p - 4 potions of brilliance
 q - a potion of degeneration {unknown}
 r - 2 potions of cancellation {unknown}
 A - 2 potions of mutation {unknown}
 C - a potion of berserk rage {unknown}
 D - 2 potions of agility {unknown}
 F - a potion of resistance
 G - 3 potions of might
 O - 2 potions of invisibility {unknown}
 P - 2 potions of lignification {unknown}
Books
 a - a book of Conjurations

   Spells                             Type                      Level
   a - Magic Dart                     Conjuration                  1
   b - Searing Ray                    Conjuration                  2
   c - Dazzling Spray                 Conjuration/Hexes            3
   d - Fulminant Prism                Conjuration/Hexes            4
   e - Iskenderun's Mystic Blast      Conjuration                  4
   f - Iskenderun's Battlesphere      Conjuration/Charms           5
 g - a book of Minor Magic

   Spells                             Type                      Level
   a - Magic Dart                     Conjuration                  1
   b - Blink                          Translocation                2
   c - Call Imp                       Summoning                    2
   d - Repel Missiles                 Charms/Air                   2
   e - Slow                           Hexes                        2
   f - Conjure Flame                  Conjuration/Fire             3
   g - Mephitic Cloud                 Conjuration/Poison/Air       3
 m - a book of Battle

   Spells                             Type                      Level
   a - Infusion                       Charms                       1
   b - Shroud of Golubria             Charms/Translocation         2
   c - Song of Slaying                Charms                       2
   d - Spectral Weapon                Hexes/Charms                 3
   e - Regeneration                   Charms/Necromancy            3
Comestibles
 t - a beef jerky
 B - 2 bread rations
 E - 2 slices of pizza
 H - 3 meat rations
 K - 4 fruits
 L - a royal jelly


   Skills:
 + Level 0.2 Short Blades
 - Level 0.5 Slings
 * Level 7.0 Bows
 + Level 5.1 Dodging
 * Level 5.4 Stealth
 * Level 6.4 Spellcasting
 * Level 7.9 Conjurations
 * Level 0.6 Hexes
 * Level 1.1 Translocations
 * Level 3.1 Invocations
 * Level 3.0 Evocations


You had 10 spell levels left.
You knew the following spells:

 Your Spells              Type           Power        Failure   Level  Hunger
a - Magic Dart            Conj           ####         1%          1    None
b - Searing Ray           Conj           ####..       1%          2    None
c - Iskenderun's Mystic   Conj           ####....     4%          4    ####...
d - Blink                 Tloc           N/A          12%         2    None
e - Slow                  Hex            #.......     14%         2    None


Dungeon Overview and Level Annotations

Branches:
Dungeon (9/15)             Temple (1/1) D:5            Lair (0/8) D:8
    Orc: D:9-12

Altars:
Cheibriados
Dithmenos
Elyvilon
Fedhas
Gozag
Kikubaaqudgha
Makhleb
Nemelex Xobeh
Okawaru
Pakellas
Qazlal
Sif Muna
Trog
Vehumet
Xom
Yredelemnul
The Shining One

Shops:
D:4 :   D:7 }


Innate Abilities, Weirdness & Mutations

You can breathe blasts of noxious fumes.
Your lurid green scales are hard (AC +7).
Your body does not fit into most forms of armour.
Your system is resistant to poisons.
You are cold-blooded and may be slowed by cold attacks.


Message History

You can't see that place. [the floor.] Sorry, you can't target what you can't see.
Okay, then.
Read which item? (? for menu, Esc to quit)
Blink to where?
Press: ? - help, Dir - move target cursor You are very lightly contaminated with residual magic.
As you read the scroll of blinking, it crumbles to dust.
* * * LOW HITPOINT WARNING * * *
You feel sick.
* * * LOW HITPOINT WARNING * * *
You feel sick.
Drink which item? (? for menu, Esc to quit)
It was a potion of magic.
Magic courses through your body. The killer bee closely misses you.
* * * LOW HITPOINT WARNING * * *
You feel sick.
The killer bee stings you but does no damage.
You die...

#..# #.#.
#################.######.#.
#......................#.#.
#.#########..###..#.##.#.#.
#.#### #..# #.......#.#. #.##.##
##.###..#.#..#.#. #.#.#.##
#.......##..#.#.
#..###.#######.##.###......
#######.##..y.y.@..<.............
.........#.#y#######..##........#
######.........................##
o.....ยง.....>.....##.#........##
.######.##.#########.........##
...## #.##.# ###..)....#
P...###.##.# ###.<.###
.....##.##.# #...# ......#.##.#
##.##


You could see 3 killer bees.

Vanquished Creatures
  The ghost of LadyBoobiez the Cleaver, an amateur MiBe of Trog (D:3)
  A two-headed ogre (D:8)
  A hungry ghost (D:8)
  A hippogriff (D:8)
  A water moccasin (D:6)
  2 orc warriors (D:8)
  2 ice beasts
  A black bear (D:9)
  A sky beast (D:8)
  2 ogres
  4 phantoms
  5 centaurs
  A crocodile (D:8)
  8 giant frogs
  2 gnoll sergeants
  A water moccasin zombie (D:6)
  3 killer bees (D:6)
  3 scorpions
  An electric eel (D:7)
  3 howler monkeys
  4 crimson imps
  A giant frog zombie (D:7)
  A quasit (D:5)
  6 hounds
  4 orc priests
  2 giant frog skeletons
  Jessica (D:2)
  3 iguanas
  Ijyb (D:1)
  Terence (D:2)
  3 worker ants
  Natasha (thrice) (D:2)
  12 orc wizards
  A sheep (D:8)
  A hound zombie (D:6)
  A worker ant zombie (D:5)
  9 gnolls
  8 adders
  4 river rats (D:5)
  2 shadow imps
  An ooze (D:2)
  An adder zombie (D:9)
  3 adder skeletons
  5 worms
  A dart slug (D:1)
  3 giant geckos
  30 orcs
  4 giant cockroaches
  9 goblins
  5 hobgoblins
  8 jackals
  5 kobolds
  2 ball pythons
  3 bats
  7 giant newts
  A jackal zombie (D:5)
  8 rats
208 creatures vanquished.

Vanquished Creatures (others)
  A manticore (D:2)
  2 plants (D:5)
3 creatures vanquished.

Grand Total: 211 creatures vanquished

Notes
Turn   | Place    | Note
--------------------------------------------------------------
     0 | D:1      | kspaans the Draconian Conjurer began the quest for the Orb.
     0 | D:1      | Reached XP level 1. HP: 14/14 MP: 3/3
   367 | D:1      | Reached XP level 2. HP: 20/20 MP: 0/5
   728 | D:2      | Noticed Jessica
  1013 | D:2      | Noticed Ijyb
  1023 | D:2      | Learned a level 2 spell: Searing Ray
  1125 | D:1      | Killed Ijyb
  1125 | D:1      | Reached XP level 3. HP: 26/26 MP: 1/6
  1449 | D:2      | Noticed Terence
  1632 | D:2      | Found an oddly glowing altar of Pakellas.
  1633 | D:2      | Noticed a manticore
  1641 | D:2      | Killed a manticore
  1696 | D:2      | Killed Jessica
  1696 | D:2      | Reached skill level 5 in Conjurations
  1696 | D:2      | Reached XP level 4. HP: 25/33 MP: 1/8
  1890 | D:2      | Noticed Natasha
  1895 | D:2      | Killed Natasha
  2218 | D:2      | Noticed Natasha
  2224 | D:2      | Killed Natasha
  2224 | D:2      | Reached XP level 5. HP: 27/38 MP: 3/9
  2402 | D:2      | Noticed Natasha
  2410 | D:2      | Killed Natasha
  2550 | D:2      | Killed Terence
  2777 | D:3      | Found a faded altar to an unknown god.
  2919 | D:3      | Noticed LadyBoobiez's ghost (amateur MiBe)
  3947 | D:4      | Reached XP level 6. HP: 45/45 MP: 5/11
  4338 | D:4      | Found Loavvis's Book Shoppe.
  4544 | D:5      | Entered Level 5 of the Dungeon
  4691 | D:5      | Found a staircase to the Ecumenical Temple.
  5356 | Temple   | Entered the Ecumenical Temple
  5494 | Temple   | Became a worshipper of Sif Muna the Loreminder
  5549 | D:5      | Found a burning altar of Makhleb.
  5549 | D:5      | Found a stormy altar of Qazlal.
  5572 | D:5      | Your scales start taking on a lurid green colour.
  5572 | D:5      | Reached XP level 7. HP: 47/50 MP: 7/13
  5572 | D:5      | Gained mutation: Your system is resistant to poisons. [Green Draconian growth]
  6572 | D:5      | Reached skill level 1 in Bows
  7194 | D:4      | Found an iron altar of Okawaru.
  7436 | D:5      | Reached XP level 8. HP: 49/57 MP: 11/15
  8165 | D:6      | Reached skill level 5 in Spellcasting
  8593 | D:6      | Got a fine iron amulet
  8594 | D:6      | Identified the amulet "Cizaasis" {RegenMP +Inv Int-3 Dex+4 Stlth+} (You found it on level 6 of the Dungeon)
  8861 | D:6      | Learned a level 4 spell: Iskenderun's Mystic Blast
  8972 | D:6      | Reached * piety under Sif Muna
  9187 | D:6      | Reached skill level 1 in Invocations
  9246 | D:6      | Reached skill level 1 in Evocations
  9490 | D:6      | Reached XP level 9. HP: 46/62 MP: 9/17
  9537 | D:6      | Found an iron altar of Okawaru.
 10000 | D:6      | Reached skill level 5 in Bows
 11010 | D:7      | Found an iron altar of Okawaru.
 11014 | D:7      | Found an opulent altar of Gozag.
 11015 | D:7      | Found a shadowy altar of Dithmenos.
 11015 | D:7      | Found a bloodstained altar of Trog.
 11079 | D:7      | Found Utokhluq's Gadget Boutique.
 11297 | D:7      | Found an ancient bone altar of Kikubaaqudgha.
 12198 | D:8      | Noticed an elephant
 12239 | D:7      | HP: 2/62 [elephant (3)]
 12686 | D:8      | Reached skill level 5 in Stealth
 13290 | D:3      | Killed LadyBoobiez's ghost
 13290 | D:3      | Reached skill level 5 in Dodging
 13349 | D:4      | Bought a book of Minor Magic for 260 gold pieces
 13353 | D:4      | Learned a level 2 spell: Blink
 13356 | D:4      | Learned a level 2 spell: Slow
 13631 | D:6      | Reached XP level 10. HP: 69/69 MP: 17/19
 13724 | D:8      | Found a staircase to the Lair.
 14552 | D:8      | Reached skill level 1 in Translocations
 15432 | D:9      | Reached ** piety under Sif Muna
 15485 | D:8      | HP: 3/69 [poisoned by a killer bee]
 15488 | D:8      | HP: 1/69 [poisoned by a killer bee]
 15491 | D:8      | Succumbed to a killer bee's poison

Skill      XL: |  1  2  3  4  5  6  7  8  9 10 |
---------------+-------------------------------+-----
Dodging        | 2 3 4 5 |  5.1
Conjurations   | 5 6 7 |  7.9
Stealth        | 2 3 4 5 |  5.4
Spellcasting   | 3 4 5 6 |  6.4
Bows           | 2 4 6 7 |  7.0
Invocations    | 1 2 3 |  3.1
Evocations     | 1 2 3 |  3.0
Translocations | 1 |  1.1
Short Blades   | |  0.2
Slings         | |  0.5
Hexes          | |  0.6

Action                   |  1- 3 |  4- 6 |  7- 9 | 10-12 || total
-------------------------+-------+-------+-------+-------++-------
Melee: Unarmed           |     8 |       |       |       ||     8
       Club              |    34 |       |       |       ||    34
       Tailslap          |     4 |     2 |       |       ||     6
       Dagger            |       |    38 |       |       ||    38
       Hunting sling     |       |     1 |       |       ||     1
 Fire: Hunting sling     |       |    26 |       |       ||    26
       Shortbow          |       |     2 |   311 |    53 ||   366
Throw: Stone             |     4 |     6 |       |       ||    10
 Cast: Magic Dart        |    45 |    93 |   140 |    10 ||   288
       Searing Ray       |     5 |    19 |    75 |    22 ||   121
       Iskenderun's Myst |       |       |     7 |     5 ||    12
       Slow              |       |       |       |     2 ||     2
       Blink             |       |       |       |     2 ||     2
 Abil: Breathe Noxious F |       |       |     4 |     2 ||     6
  Use: Scroll            |     3 |     4 |    13 |     2 ||    22
       Potion            |     1 |     1 |     7 |     3 ||    12
 Stab: Sleeping          |       |     1 |       |       ||     1
  Eat: Chunk             |     1 |     8 |     7 |     4 ||    20
       Meat ration       |     1 |       |       |       ||     1
       Fruit             |       |     2 |     2 |       ||     4
       Bread ration      |       |     1 |     4 |       ||     5
       Beef jerky        |       |       |     1 |     2 ||     3
Armor: Skin              |    19 |    41 |   126 |    40 ||   226
Dodge: Dodged            |    41 |    57 |   296 |   140 ||   534
